 Dungeon Crawl Stone Soup version 0.29-a0-222-g5b244fca1f (webtiles) character file.

Game seed: 8022168429954253528

78 Colgate the Slasher (level 4, -10/34 HPs)
             Began as a Barachi Warper on Feb 27, 2022.
             Was a Follower of Kikubaaqudgha.
             Mangled by an ogre
             ... wielding a +0 giant club
              (29 damage)
             ... on level 3 of the Dungeon.
             The game lasted 00:11:20 (2478 turns).

Colgate the Slasher (Barachi Warper)                Turns: 2478, Time: 00:11:20

Health: -10/34     AC:  3    Str: 13    XL:     4   Next: 36%
Magic:  5/7        EV: 11    Int: 15    God:    Kikubaaqudgha [*.....]
Gold:   138        SH:  0    Dex: 11    Spells: 5/7 levels left

rFire   . . .      SeeInvis .   b - +0 hunting sling
rCold   . . .      Faith    .   (no shield)
rNeg    . . .      Spirit   .   k - +0 leather armour
rPois   .          Reflect  .   (no helmet)
rElec   .          Harm     .   (no cloak)
rCorr   .          Rampage  .   (no gloves)
Will    .....                   (no boots)
Stlth   +.........              (no amulet)
HPRegen 0.11/turn               (no ring)
MPRegen 0.10/turn               (no ring)

@: unable to hop, very slightly contaminated, slow
A: amphibious, slowness 1, strong legs 1, +LOS
a: Hop, Renounce Religion, Receive Corpses


You were on level 3 of the Dungeon.
You worshipped Kikubaaqudgha.
Kikubaaqudgha was aware of your devotion.
You visited 1 branch of the dungeon, and saw 3 of its levels.

You collected 138 gold pieces.

Inventory:

Hand Weapons
 a - a +0 falchion
 b - a +0 hunting sling (weapon)
Missiles
 d - 5 boomerangs of dispersal
 e - 123 stones
Armour
 k - a +0 leather armour (worn)
Scrolls
 c - 2 scrolls of blinking {@r4}
 f - a scroll of teleportation {unknown}
 g - a scroll of enchant weapon {unknown}
 m - a scroll of fog {unknown}
 o - a scroll of immolation {unknown}
Potions
 h - 3 potions of heal wounds {unknown}
 i - a potion of haste {unknown}
 j - 2 potions of mutation {unknown}
 l - a potion of brilliance {unknown}
 n - a potion of curing {unknown}
 p - a potion of degeneration {unknown}


   Skills:
 - Level 2.4 Fighting
 + Level 5.4 Long Blades
 - Level 1.0 Throwing
 - Level 1.2 Armour
 - Level 2.1 Dodging
 - Level 2.1 Spellcasting
 - Level 3.2 Translocations


You had 5 spell levels left.
You knew the following spells:

 Your Spells              Type           Power      Damage    Failure   Level
a - Blink                 Tloc           22%        N/A       11%         2

Your spell library contained the following spells:

 Spells                   Type           Power      Damage    Failure   Level
 Gell's Gravitas          Tloc           11%        N/A       22%         3
 Lesser Beckoning         Tloc           11%        N/A       22%         3
 Teleport Other           Tloc           11%        N/A       22%         3
 Animate Skeleton         Necr           2%         N/A       28%         1
 Pain                     Necr           4%         1d4       28%         1
 Shock                    Conj/Air       4%         1d3       28%         1
 Sublimation of Blood     Necr           1%         N/A       38%         2
 Swiftness                Air            1%         N/A       63%         3
 Vampiric Draining        Necr           1%         2d6       63%         3
 Manifold Assault         Tloc           11%        N/A       89%         5
 Airstrike                Air            0%         N/A       95%         4


Dungeon Overview and Level Annotations

Branches:
Dungeon (3/15)

Altars:
Kikubaaqudgha


Innate Abilities, Weirdness & Mutations

You are amphibious.
You cover ground slowly.
You can hop short distances.
You have an extended range of vision and can be seen from far away.


Message History

Kikubaaqudgha accepts your kill.
b - a +0 hunting sling (weapon)
HP restored.
Things that are here:
a +0 flail; a +0 leather armour You now have 138 gold pieces (gained 13).
An ogre comes into view. It is wielding a +0 giant club.
The ogre shouts!
You hear a shout!
A kobold comes into view. It is wielding a +0 dagger.
The ogre moves out of view.
You shoot a sling bullet.
The sling bullet closely misses the kobold.
The kobold shouts!
There are monsters nearby!
You shoot a sling bullet.
The sling bullet hits the ogre but does no damage.
a - a +0 falchion (weapon)
You hit the ogre. The ogre hits you with a +0 giant club!
The ogre barely misses you.
Hop to where?
Boing!
b - a +0 hunting sling (weapon)
You are too injured to fight recklessly!
Fire: b) +0 hunting sling
Aim: an ogre, wielding a +0 giant club (sparse dust, lightly wounded, 70% to hit)
You shoot a sling bullet.
The sling bullet barely misses the ogre.
Fire: b) +0 hunting sling
Aim: an ogre, wielding a +0 giant club (lightly wounded, 70% to hit)
You shoot a sling bullet. The sling bullet hits the ogre.
Okay, then.
Unknown command.
Casting: Blink (safe; 11% risk of failure)
You miscast Blink.
You are very lightly contaminated with residual magic.
Nothing appears to happen.
The ogre hits you with a +0 giant club!!
Ouch! That really hurt!
You die...
Kikubaaqudgha rasps: "You have failed me!
Welcome... death!"

. .. ... ... # ..
#.#########.#..#
###.#.#@OK.#.K.....#
..........#.#.#
####.#.#..#...# #.
#.#..##### #. #
#..#.).# #. #..#)#.#
#. #..#.#.# #.
#..#.#.# ##. ###
#..#.#.# #.#..


You could see an ogre and a kobold.

Vanquished Creatures
  An adder (D:1)
  2 worms (D:2)
  A dart slug (D:2)
  An orc (D:3)
  5 bats
  An endoplasm (D:2)
  3 giant cockroaches
  7 goblins
  5 hobgoblins
  2 jackals (D:1)
  5 kobolds
  A quokka (D:2)
  14 ball pythons
  3 frilled lizards
  6 rats
57 creatures vanquished.

Notes
Turn   | Place    | Note
-------+----------+-------------------------------------------
     0 | D:1      | Colgate the Barachi Warper began the quest for the Orb.
     0 | D:1      | Reached XP level 1. HP: 17/17 MP: 3/3
    49 | D:1      | Reached skill level 3 in Long Blades
    72 | D:1      | Reached XP level 2. HP: 11/23 MP: 5/5
    75 | D:1      | Learned a level 2 spell: Blink
   451 | D:1      | Reached skill level 4 in Long Blades
   680 | D:1      | Reached XP level 3. HP: 25/28 MP: 6/6
  1324 | D:2      | Reached skill level 5 in Long Blades
  1402 | D:2      | Reached XP level 4. HP: 24/34 MP: 7/7
  1845 | D:2      | Found a faded altar of an unknown god.
  1850 | D:2      | Prayed at the altar of an unknown god.
  1850 | D:2      | Became a worshipper of Kikubaaqudgha
  1850 | D:2      | Reached * piety under Kikubaaqudgha
  1850 | D:2      | Received a gift from Kikubaaqudgha
  2466 | D:3      | Noticed an ogre
  2478 | D:3      | Mangled by an ogre

Illustrated notes

Levels and vault maps discovered:
D:1:      wander_arrival_lonely_grave, layout_basic, minmay_octomino_j4
D:2:      layout_rooms, serial_corexii_hall, chequers_hall_statues_wall_a,
          corexii_hall_statues_l, shapermc_ecumenical_altar_notcrosses,
          minmay_circled_x
D:3:      layout_basic, lemuel_coloured_pillars_altar, led_xom_imps

Skill      XL: |  1  2  3 |
---------------+----------+-----
Long Blades    | 3 4 5 |  5.4
Fighting       | |  2.4
Throwing       | |  1.0
Armour         | |  1.2
Dodging        | |  2.1
Spellcasting   | |  2.1
Translocations | |  3.2

Action                   |  1- 3 |  4- 6 || total
-------------------------+-------+-------++-------
Melee: Falchion          |   101 |    34 ||   135
 Fire: Hunting sling     |    25 |    27 ||    52
Throw: Stone             |    44 |       ||    44
 Abil: Hop               |     5 |     1 ||     6
 Stab: Sleeping          |     1 |       ||     1
Armor: Leather armour    |    24 |    19 ||    43
Dodge: Dodged            |    78 |    35 ||   113

Table legend: (Time is in decaauts)
 A = Elapsed time spent in this place.
 B = Non-inter-level travel time spent in this place.
 C = Inter-level travel time spent in this place.
 D = Time resting spent in this place.
 E = Time spent auto-exploring this place.
 F = Levels seen in this place.
 G = Mean time per level.
                   A        B        C        D        E       F      G
               +--------+--------+--------+--------+--------+-----+--------+
         Total |   2813 |   2701 |    112 |     58 |   2117 |   3 |  937.7 |
       Dungeon |   2813 |   2701 |    112 |     58 |   2117 |   3 |  937.7 |
               +--------+--------+--------+--------+--------+-----+--------+

Top non-repeatable levels by time:
     D:2: 1571 daAuts
     D:1: 1070 daAuts
     D:3: 172 daAuts
